Map: Dusk Towers

Players

lesha

  • Race: Terran Terran
  • League: Gold

RunRunRun - Winner!

  • Race: Protoss Protoss
  • League: Gold

VOD

Have the link to the VOD?

Description

Time

  • Played on: Jan. 9, 2016, 9:33 p.m.
  • Length: 4:48
Show
View Real Time Build Order
Export as new Build Order

lesha Terran 

Build Orders: Reaper Expand 

Get SALT Encoding   

  12  0:01  SCV  
  13  0:13  SCV  
  14  0:18  Supply Depot  
  14  0:25  SCV  
  15  0:39  SCV  
  15  0:42  Barracks  
  16  0:48  Refinery  
  16  0:51  SCV  
  17  1:03  SCV  
  18  1:16  SCV  
  19  1:29  Orbital Command  
  19  1:34  Reaper  
  20  1:50  Command Center  
  20  1:56  SCV  
  20  2:00  Supply Depot  
  21  2:20  Barracks Reactor  
  21  2:29  Bunker, Barracks  
  21  2:32  Factory  
  21  2:34  SCV  
  22  2:40  Refinery  
  22  2:56  SCV  
  23  2:59  Marine x2  
  25  3:08  SCV  
  25  3:09  Orbital Command  
  26  3:17  Factory Tech Lab  
  26  3:18  Barracks Tech Lab  
  26  3:20  SCV  
  26  3:27  Marine x2  
  25  3:49  Marine  
  25  3:50  Marine x2  
  25  3:51  Hellion  
  22  4:07  Marine x2  
  22  4:08  Marine  
  21  4:28  Marine x2  
Show
View Real Time Build Order
Export as new Build Order

RunRunRun Protoss - Winner!

Build Orders: Oracle Opening 

Get SALT Encoding   

  13  0:13  Pylon  
  13  0:14  Probe (Chrono Boost)  
  13  0:25  Probe (Chrono Boost)  
  14  0:31  Gateway  
  14  0:35  Probe (Chrono Boost)  
  15  0:46  Probe (Chrono Boost)  
  15  0:47  Assimilator  
  16  0:51  Assimilator  
  16  0:56  Probe (Chrono Boost)  
  17  1:02  Pylon  
  17  1:07  Probe (Chrono Boost)  
  19  1:18  Probe (Chrono Boost)  
  19  1:22  Cybernetics Core  
  19  1:23  Zealot  
  21  1:29  Probe (Chrono Boost)  
  22  1:35  Pylon  
  22  1:39  Probe (Chrono Boost)  
  23  1:53  Probe (Chrono Boost)  
  24  2:02  Stalker  
  24  2:04  Mothership Core (Chrono Boost)  
  28  2:08  Warp Gate  
  28  2:34  Stalker  
  30  2:41  Stargate  
  30  2:42  Probe (Chrono Boost)  
  30  2:44  Pylon  
  31  3:02  Probe (Chrono Boost)  
  32  3:07  Nexus  
  32  3:14  Pylon  
  32  3:17  Pylon  
  32  3:27  Oracle  
  35  3:50  Pylon  
  33  4:08  Probe (Chrono Boost)  
  34  4:19  Probe (Chrono Boost)  
  35  4:29  Probe (Chrono Boost)  
  36  4:40  Robotics Facility  
  36  4:43  Gateway  
  37  4:46  Gateway  
Tags
 
Add a new tag
Caveats
  • Supply blocks, unpowered buildings, or Contaminate may cause inaccurate times.
  • Supply counts are checked every 10 seconds.